[Event "IIFL Wealth 4th Mumbai GM"]
[Site "Mumbai"]
[Date "2019.01.04"]
[Round "6"]
[White "Prraneeth Vuppala"]
[Black "Ghelani Dhairya"]
[Result "1-0"]
[ECO "A52"]
[WhiteElo "2228"]
[BlackElo "2146"]
[Annotator "NA"]
[PlyCount "145"]
[EventDate "2018.12.30"]
[EventType "swiss"]
[EventCountry "IND"]
[SourceTitle "playchess.com"]
[Source "ChessBase"]
[SourceQuality "1"]
[TimeControl "40/5400+30:1800+30"]

1. d4 Nf6 2. c4 e5 3. dxe5 Ng4 4. Bf4 g5 5. Bg3 Nc6 6. Nf3 Bg7 7. Nc3 Ngxe5 8. Nxe5 Nxe5 9. c5 Qe7 10. Qd5 O-O 11. Nb5 c6 12. Qd6 Qxd6 13. Nxd6 f5 14. f3 b6 15. Bf2 Ba6 16. O-O-O Bc4 17. Nxc4 Nxc4 18. b3 Ne5 19. h4 h6 20. hxg5 hxg5 21. Bd4 Rf7 22. e4 b5 23. Bxe5 Bxe5 24. exf5 Rxf5 25. Rxd7 Bg7 26. b4 a5 27. Bd3 Rf7 28. Rd6 axb4 29. Bh7+ Kf8 30. Bb1 Rf6 31. Rhd1 Rf4 32. Rxc6 Rc4+ 33. Kd2 Bc3+ 34. Ke2 Re8+ 35. Kf1 Bd4 36. Bd3 Rxc5 37. Rxc5 Bxc5 38. Bxb5 Re5 39. Bc4 Ke7 40. g3 Bd6 41. Kg2 Re3 42. Rf1 Kf6 43. Rd1 Ke7 44. Rh1 Kd8 45. Rh7 Be7 46. Rf7 Rc3 47. Bb3 Rd3 48. Kh3 Rd4 49. Rf5 Kd7 50. Ra5 Ke8 51. Bc2 Kf8 52. Be4 Rd2 53. Kg4 Kg7 54. Kf5 Kf7 55. Bd5+ Ke8 56. Ke6 Re2+ 57. Be4 Rd2 58. f4 gxf4 59. gxf4 Rd6+ 60. Ke5 Rb6 61. Ra8+ Bd8 62. f5 Ke7 63. Ra7+ Ke8 64. Bd5 Bf6+ 65. Ke4 Bc3 66. Rc7 Rh6 67. a4 Rh4+ 68. Ke3 Kd8 69. Rb7 Kc8 70. Rb5 Rh6 71. a5 Rd6 72. a6 b3 73. a7 1-0

[Event "IIFL Wealth 4th Mumbai GM"]
[Site "Mumbai"]
[Date "2019.01.04"]
[Round "6"]
[White "Bhambure, Shantanu"]
[Black "Akash G"]
[Result "1-0"]
[ECO "E81"]
[WhiteElo "2223"]
[BlackElo "2443"]
[Annotator "NA"]
[PlyCount "97"]
[EventDate "2018.12.30"]
[EventType "swiss"]
[EventCountry "IND"]
[SourceTitle "playchess.com"]
[Source "ChessBase"]
[SourceQuality "1"]
[TimeControl "40/5400+30:1800+30"]

1. d4 Nf6 2. c4 g6 3. Nc3 Bg7 4. e4 d6 5. f3 O-O 6. Nge2 c5 7. d5 e6 8. Ng3 exd5 9. cxd5 a6 10. a4 Nbd7 11. Be2 h5 12. Bg5 Qe8 13. Qd2 Nh7 14. Bh6 Ne5 15. Bxg7 Kxg7 16. O-O h4 17. Nh1 f5 18. exf5 Bxf5 19. Rae1 Qd7 20. f4 Nf7 21. Nf2 Nf6 22. Bc4 Rfe8 23. Rxe8 Rxe8 24. Re1 Rxe1+ 25. Qxe1 h3 26. g3 g5 27. fxg5 Nxg5 28. Qe3 Nf7 29. Be2 Ne5 30. Qf4 Bg6 31. g4 b5 32. axb5 axb5 33. Bxb5 Qb7 34. Nxh3 Nxd5 35. Nxd5 Qxd5 36. Be2 c4 37. Qe3 Qa5 38. Qc3 Qa1+ 39. Kf2 Qa7+ 40. Qe3 Qb7 41. Qd4 Qh1 42. Kg3 Bd3 43. Qf2 Bxe2 44. Qxe2 Qb1 45. Nf4 Qg1+ 46. Ng2 Qd4 47. Ne3 Kf8 48. Nf5 d5 49. Nxd4 1-0

[Event "IIFL Wealth 4th Mumbai GM"]
[Site "Mumbai"]
[Date "2019.01.04"]
[Round "6"]
[White "Kurbonboeva, Sarvinoz"]
[Black "Kulkarni, Vikramaditya"]
[Result "0-1"]
[ECO "A40"]
[WhiteElo "2214"]
[BlackElo "2345"]
[Annotator "NA"]
[PlyCount "85"]
[EventDate "2018.12.30"]
[EventType "swiss"]
[EventCountry "IND"]
[SourceTitle "playchess.com"]
[Source "ChessBase"]
[SourceQuality "1"]
[TimeControl "40/5400+30:1800+30"]

1. d4 e6 2. Nf3 d5 3. g3 c6 4. Bg2 Bd6 5. O-O f5 6. c4 Nf6 7. Qc2 O-O 8. Nc3 Qe7 9. Bg5 Qe8 10. Rab1 Qh5 11. c5 Bc7 12. b4 Bd7 13. Bf4 Bxf4 14. gxf4 Ne4 15. Rb3 Rf6 16. Ne5 Rh6 17. h3 Nxc3 18. Rxc3 Be8 19. a4 Nd7 20. Nxd7 Bxd7 21. Rb1 a6 22. Rg3 Kh8 23. Qd2 Rg8 24. Qe3 Qf7 25. Qe5 Be8 26. e3 Rh4 27. Kh2 h6 28. Bf3 Kh7 29. Rbg1 g6 30. Be2 Qe7 31. Bd3 Rg7 32. f3 g5 33. fxg5 hxg5 34. e4 Kh6 35. Rxg5 Rxg5 36. Qh8+ Qh7 37. Qxh7+ Kxh7 38. Rxg5 Kh6 39. Rg8 fxe4 40. Kg3 exd3 41. Rxe8 d2 42. Rh8+ Kg7 43. Rh7+ {[%emt 0:00:13] Rh6 Rxh6 d1=Q [%clk 0:31:47] Rh4 [%clk 0:18:42] Kf7 [%clk 0:31:43] Rf4+ [%clk 0:18:52] Ke7 [%clk 0:31:53] h4 [%clk 0:18:03] e5 [%clk 0:31:08] dxe5 [%clk 0:18:10] d4 [%clk 0:30:50]} 0-1

[Event "IIFL Wealth 4th Mumbai GM"]
[Site "Mumbai"]
[Date "2019.01.04"]
[Round "6"]
[White "Samant Aditya S"]
[Black "Prajesh R"]
[Result "1-0"]
[ECO "C03"]
[WhiteElo "2205"]
[BlackElo "2102"]
[Annotator "NA"]
[PlyCount "83"]
[EventDate "2018.12.30"]
[EventType "swiss"]
[EventCountry "IND"]
[SourceTitle "playchess.com"]
[Source "ChessBase"]
[SourceQuality "1"]
[TimeControl "40/5400+30:1800+30"]

1. e4 e6 2. d4 d5 3. Nd2 a6 4. Ngf3 c5 5. c3 Nc6 6. Bd3 cxd4 7. cxd4 dxe4 8. Nxe4 Bb4+ 9. Nc3 Nf6 10. O-O O-O 11. Bg5 Be7 12. a3 Nd5 13. Bxe7 Ncxe7 14. Rc1 Bd7 15. Ne5 Be8 16. Bb1 Qb6 17. Qd3 g6 18. Nc4 Qa7 19. Qd2 Rd8 20. Rfd1 Kg7 21. Be4 Nf6 22. Bf3 Nf5 23. d5 Bc6 24. Qf4 Bxd5 25. Nxd5 exd5 26. Ne5 Qb8 27. Nd3 Rd6 28. Rc5 b6 29. Rc2 Rfd8 30. Nb4 Qb7 31. Rdc1 a5 32. Nc6 R8d7 33. g3 h6 34. h4 Qa8 35. h5 Qb7 36. hxg6 fxg6 37. Be2 Ne4 38. Bb5 Rf6 39. Nd8 Rxd8 40. Rc7+ Rf7 41. Rxb7 Rxb7 42. Rc7+ 1-0

[Event "IIFL Wealth 4th Mumbai GM"]
[Site "Mumbai"]
[Date "2019.01.04"]
[Round "6"]
[White "Mrudul Dehankar"]
[Black "Bhasima, Prashan"]
[Result "1-0"]
[ECO "C26"]
[WhiteElo "2199"]
[BlackElo "1658"]
[Annotator "NA"]
[PlyCount "73"]
[EventDate "2018.12.30"]
[EventType "swiss"]
[EventCountry "IND"]
[SourceTitle "playchess.com"]
[Source "ChessBase"]
[SourceQuality "1"]
[TimeControl "40/5400+30:1800+30"]

1. e4 e5 2. Nc3 Nf6 3. Bc4 c6 4. d4 Bb4 5. dxe5 Nxe4 6. Qd4 Qa5 7. Nge2 Nxc3 8. bxc3 Bc5 9. Qg4 O-O 10. Bh6 Bxf2+ 11. Kxf2 Qxe5 12. Qg5 Qxg5 13. Bxg5 d5 14. Bd3 Be6 15. Rhe1 Nd7 16. Kg1 f6 17. Nd4 Bf7 18. Bf4 Rfe8 19. Reb1 Nb6 20. a4 Re7 21. Nf5 Rd7 22. Nd6 Rad8 23. a5 Nc4 24. Nxb7 Re8 25. Bxc4 dxc4 26. Nd6 Red8 27. Nxf7 Kxf7 28. a6 g5 29. Be3 Re8 30. Rb7 Ree7 31. Rxd7 Rxd7 32. Rb1 Kg6 33. Rb7 Rd5 34. Rxa7 Ra5 35. Ra8 c5 36. a7 Kf5 37. Bxc5 1-0

[Event "IIFL Wealth 4th Mumbai GM"]
[Site "Mumbai"]
[Date "2019.01.04"]
[Round "6"]
[White "Divya Deshmukh"]
[Black "Pranav Vijay"]
[Result "1-0"]
[ECO "C57"]
[WhiteElo "2190"]
[BlackElo "2265"]
[Annotator "NA"]
[PlyCount "121"]
[EventDate "2018.12.30"]
[EventType "swiss"]
[EventCountry "IND"]
[SourceTitle "playchess.com"]
[Source "ChessBase"]
[SourceQuality "1"]
[TimeControl "40/5400+30:1800+30"]

1. e4 e5 2. Nf3 Nc6 3. Bc4 Nf6 4. Ng5 d5 5. exd5 Nd4 6. c3 Nf5 7. O-O Nd6 8. d3 Be7 9. Nd2 O-O 10. Nge4 Nd7 11. Nxd6 cxd6 12. f4 exf4 13. Nf3 g5 14. d4 Re8 15. Bd3 Nf8 16. h3 Ng6 17. Nh2 Kg7 18. Bd2 Bf6 19. Kh1 Bd7 20. Qh5 Qa5 21. Rf2 Re7 22. b4 Qc7 23. Raf1 h6 24. g3 Rh8 25. gxf4 gxf4 26. Bxf4 Qxc3 27. Bxd6 Qxd3 28. Rxf6 Rhe8 29. Bxe7 Rxe7 30. Qf3 Qxf3+ 31. R6xf3 Bb5 32. Rc1 Rd7 33. Kg1 h5 34. Rf5 Bd3 35. Rg5 Kh6 36. Rg3 Be4 37. Ra3 Bxd5 38. Rxa7 Nf4 39. Rc8 Re7 40. Ra3 Re2 41. Rg3 Ng6 42. Rd8 Bxa2 43. Nf3 Re3 44. Kf2 Rb3 45. d5 Rb2+ 46. Ke1 Rb1+ 47. Kd2 Kg7 48. d6 Bb3 49. d7 Rd1+ 50. Kc3 Ba4 51. Nd4 Bxd7 52. Rxd7 Kf6 53. Rf3+ Ke5 54. Nc6+ bxc6 55. Rxd1 f5 56. Re1+ Kd5 57. Rxf5+ Kd6 58. Rf6+ Kc7 59. Rxg6 Kc8 60. Rg7 Kb8 61. Re8# 1-0

[Event "IIFL Wealth 4th Mumbai GM"]
[Site "Mumbai"]
[Date "2019.01.04"]
[Round "6"]
[White "Safranska, Anda"]
[Black "Nayem, Haque"]
[Result "1/2-1/2"]
[ECO "C00"]
[WhiteElo "2189"]
[BlackElo "2083"]
[Annotator "NA"]
[PlyCount "118"]
[EventDate "2018.12.30"]
[EventType "swiss"]
[EventCountry "IND"]
[SourceTitle "playchess.com"]
[Source "ChessBase"]
[SourceQuality "1"]
[TimeControl "40/5400+30:1800+30"]

1. e4 e6 2. d3 c5 3. g3 Nc6 4. Bg2 d6 5. f4 Qc7 6. Nf3 Bd7 7. c3 Nf6 8. Na3 a6 9. O-O Be7 10. Qe2 O-O 11. Nc2 Rab8 12. h3 b5 13. a3 Na5 14. Nd2 Nc6 15. g4 e5 16. f5 Ne8 17. Nf3 f6 18. h4 Na5 19. Be3 Bc6 20. Nd2 Qd8 21. b4 Nb7 22. c4 a5 23. cxb5 Bd7 24. bxc5 Bxb5 25. a4 Ba6 26. cxd6 Bxd6 27. Nc4 Bxc4 28. dxc4 Qc7 29. Na3 Bxa3 30. Rxa3 Nc5 31. Rd1 Nd6 32. Qc2 Rb4 33. Rd5 Rxc4 34. Qa2 Ncb7 35. Rad3 Rc2 36. Qb3 Qc4 37. Qb6 Qa2 38. Bf1 Rb2 39. Qa6 Rb1 40. Rxd6 Qe2 41. Qc4+ Kh8 42. Bc1 Qxg4+ 43. Bg2 Nxd6 44. Rxd6 Qxh4 45. Rd1 Qg4 46. Qc2 Rb4 47. Re1 Rg8 48. Bd2 Rbb8 49. Bxa5 g6 50. fxg6 Rxg6 51. Re2 Rc8 52. Qb2 Ra8 53. Be1 Rxa4 54. Kf1 Ra8 55. Rf2 Rag8 56. Qb3 Rd8 57. Bf3 Qh3+ 58. Ke2 h5 59. Qb6 Qc8 1/2-1/2

[Event "IIFL Wealth 4th Mumbai GM"]
[Site "Mumbai"]
[Date "2019.01.04"]
[Round "6"]
[White "Subhayan Kundu"]
[Black "Mohammad Fahad, Rahman"]
[Result "0-1"]
[ECO "B41"]
[WhiteElo "2185"]
[BlackElo "2381"]
[Annotator "NA"]
[PlyCount "120"]
[EventDate "2018.12.30"]
[EventType "swiss"]
[EventCountry "IND"]
[SourceTitle "playchess.com"]
[Source "ChessBase"]
[SourceQuality "1"]
[TimeControl "40/5400+30:1800+30"]

1. e4 c5 2. Nf3 e6 3. d4 cxd4 4. Nxd4 a6 5. c4 Nf6 6. Nc3 Bb4 7. Qd3 Qc7 8. a3 Bxc3+ 9. Qxc3 O-O 10. Bd3 Nc6 11. Nxc6 Qxc6 12. Qd4 d6 13. O-O e5 14. Qe3 Be6 15. Bd2 Nd7 16. Rac1 Nc5 17. Bb1 f5 18. exf5 Bxf5 19. Bxf5 Rxf5 20. f3 Rc8 21. Rfd1 Ne6 22. Qd3 Rf6 23. Be3 Nc7 24. b4 Qa4 25. Rd2 Kh8 26. Rcd1 h6 27. Bf2 Ne6 28. Bh4 Nf4 29. Qe4 Re6 30. Rxd6 Rxd6 31. Rxd6 Qxa3 32. Qxe5 Qc1+ 33. Be1 Qxc4 34. g3 Nd3 35. Rxh6+ Kg8 36. Qe6+ Qxe6 37. Rxe6 Rc1 38. Kf1 Rb1 39. Re3 Nxe1 40. Rxe1 Rxb4 41. h4 a5 42. g4 a4 43. Ke2 b5 44. Kd3 Rb3+ 45. Kc2 Rxf3 46. Rb1 Rb3 47. Rxb3 axb3+ 48. Kxb3 Kf7 49. Kb4 Kf6 50. Kxb5 Ke5 51. Kc4 Kf4 52. g5 Kg4 53. Kd4 Kxh4 54. g6 Kg5 55. Ke3 Kxg6 56. Kf2 Kh5 57. Kg1 Kg4 58. Kh1 Kh3 59. Kg1 g6 60. Kh1 g5 0-1

[Event "IIFL Wealth 4th Mumbai GM"]
[Site "Mumbai"]
[Date "2019.01.04"]
[Round "6"]
[White "Surendran N"]
[Black "Raahul V S"]
[Result "1-0"]
[ECO "E98"]
[WhiteElo "2176"]
[BlackElo "2381"]
[Annotator "NA"]
[PlyCount "59"]
[EventDate "2018.12.30"]
[EventType "swiss"]
[EventCountry "IND"]
[SourceTitle "playchess.com"]
[Source "ChessBase"]
[SourceQuality "1"]
[TimeControl "40/5400+30:1800+30"]

1. d4 Nf6 2. Nf3 g6 3. c4 Bg7 4. Nc3 O-O 5. e4 d6 6. Be2 e5 7. O-O Nc6 8. d5 Ne7 9. Ne1 Nd7 10. Be3 f5 11. f3 f4 12. Bf2 g5 13. Rc1 h5 14. c5 dxc5 15. Nd3 b6 16. b4 cxb4 17. Nb5 Nf6 18. Nxc7 Rb8 19. Nxb4 Bb7 20. d6 Nc8 21. Qb3+ Kh8 22. Ne6 Qxd6 23. Rfd1 Qe7 24. Rc7 Qe8 25. Nxg7 Qg6 26. Ne6 Rg8 27. Nd8 Nd6 28. Rxd6 Rbxd8 29. Rxd8 Rxd8 30. Rxb7 1-0

[Event "IIFL Wealth 4th Mumbai GM"]
[Site "Mumbai"]
[Date "2019.01.04"]
[Round "6"]
[White "Subrota, Biswas"]
[Black "Tarun Kanyamarala"]
[Result "1/2-1/2"]
[ECO "A08"]
[WhiteElo "2171"]
[BlackElo "2120"]
[Annotator "NA"]
[PlyCount "116"]
[EventDate "2018.12.30"]
[EventType "swiss"]
[EventCountry "IND"]
[SourceTitle "playchess.com"]
[Source "ChessBase"]
[SourceQuality "1"]
[TimeControl "40/5400+30:1800+30"]

1. Nf3 d5 2. g3 Nf6 3. Bg2 e6 4. O-O c5 5. d3 Be7 6. Nbd2 Nc6 7. e4 O-O 8. Re1 b5 9. e5 Nd7 10. Nf1 Qc7 11. Qe2 Bb7 12. h4 Rfc8 13. N1h2 Nd4 14. Qd1 Nxf3+ 15. Nxf3 d4 16. Qe2 Qb6 17. c3 dxc3 18. bxc3 b4 19. Rb1 a5 20. Bg5 Bxg5 21. Nxg5 h6 22. Bxb7 Qxb7 23. Ne4 Qd5 24. f4 bxc3 25. Rbc1 Nb6 26. Rxc3 Rab8 27. Rec1 Na4 28. Rc4 Rb4 29. Kh2 Rcb8 30. R1c2 Rxc4 31. dxc4 Qd4 32. Rd2 Rb2 33. Rxb2 Nxb2 34. Nd6 Nd1 35. Nb5 Qb2 36. Qxb2 Nxb2 37. Nd6 a4 38. Kg1 a3 39. Kf1 Nd1 40. Ke1 Nc3 41. Kd2 Nxa2 42. Nb5 Nb4 43. Nxa3 f6 44. exf6 gxf6 45. Nb5 f5 46. Nd6 Kg7 47. Kc3 Kf6 48. Nb7 Na6 49. Nd8 e5 50. fxe5+ Kxe5 51. Nf7+ Kf6 52. Nxh6 Kg6 53. g4 fxg4 54. Nxg4 Kh5 55. Nf6+ Kxh4 56. Kb3 Kg5 57. Nd7 Kf5 58. Ka4 Ke4 1/2-1/2

[Event "IIFL Wealth 4th Mumbai GM"]
[Site "Mumbai"]
[Date "2019.01.04"]
[Round "6"]
[White "Vantika Agrawal"]
[Black "Ameir, Moheb"]
[Result "1/2-1/2"]
[ECO "D77"]
[WhiteElo "2143"]
[BlackElo "2327"]
[Annotator "NA"]
[PlyCount "121"]
[EventDate "2018.12.30"]
[EventType "swiss"]
[EventCountry "IND"]
[SourceTitle "playchess.com"]
[Source "ChessBase"]
[SourceQuality "1"]
[TimeControl "40/5400+30:1800+30"]

1. d4 Nf6 2. c4 g6 3. g3 Bg7 4. Bg2 O-O 5. Nf3 d5 6. O-O Nc6 7. Nbd2 dxc4 8. Nxc4 a5 9. Nce5 Nb4 10. a3 Nbd5 11. Re1 a4 12. e4 Nb6 13. h3 c6 14. Nd3 Ne8 15. Nc5 Nc7 16. Bf1 f5 17. exf5 Rxf5 18. Bd3 Rf8 19. Bg5 Ncd5 20. Kg2 Qd6 21. Qe2 Bf6 22. Bh6 Rf7 23. Rac1 Bg7 24. Bxg7 Kxg7 25. Ng5 Rf6 26. Nge4 Qc7 27. Nxf6 exf6 28. Qf3 Qf7 29. Re2 Bd7 30. Nxb7 Bxh3+ 31. Kxh3 Qxb7 32. Kg2 Rf8 33. Re6 Ne7 34. Re2 Nbd5 35. Be4 f5 36. Bxd5 Nxd5 37. Rec2 Rf6 38. Rc4 h5 39. Rxc6 Rxc6 40. Qxd5 Rb6 41. Qxb7+ Rxb7 42. Rc4 Rxb2 43. Rxa4 Rb3 44. Ra7+ Kf6 45. Ra6+ Kf7 46. d5 Rd3 47. d6 g5 48. a4 Ke6 49. d7+ Kxd7 50. Rh6 h4 51. gxh4 gxh4 52. Rxh4 Ra3 53. Rb4 Ke6 54. f3 Kf6 55. Kg3 Kg5 56. Rc4 Ra2 57. Rb4 Ra1 58. f4+ Kh5 59. Kf3 Ra3+ 60. Ke2 Kg4 61. Kd2 1/2-1/2

[Event "IIFL Wealth 4th Mumbai GM"]
[Site "Mumbai"]
[Date "2019.01.04"]
[Round "6"]
[White "Sekar, B."]
[Black "Sangma, Rahul"]
[Result "0-1"]
[ECO "C41"]
[WhiteElo "2137"]
[BlackElo "2289"]
[Annotator "NA"]
[PlyCount "98"]
[EventDate "2018.12.30"]
[EventType "swiss"]
[EventCountry "IND"]
[SourceTitle "playchess.com"]
[Source "ChessBase"]
[SourceQuality "1"]
[TimeControl "40/5400+30:1800+30"]

1. e4 d6 2. d4 Nf6 3. Nc3 e5 4. Nf3 Nbd7 5. Bc4 Be7 6. O-O O-O 7. h3 c6 8. a4 a5 9. Ba2 exd4 10. Qxd4 Nc5 11. Be3 Be6 12. Rfd1 Nfd7 13. Qd2 Bxa2 14. Rxa2 f5 15. exf5 Rxf5 16. Qe2 d5 17. Re1 Bd6 18. Raa1 Ne5 19. Nxe5 Rxe5 20. Qg4 Qe7 21. Kf1 Re8 22. Re2 Ne4 23. Nxe4 Rxe4 24. Bg5 Qf7 25. Rxe4 Rxe4 26. Qf3 Qxf3 27. gxf3 Rc4 28. c3 d4 29. cxd4 Rxd4 30. Be3 Rb4 31. Rd1 Be5 32. Rd8+ Kf7 33. Bd2 Rxb2 34. Bxa5 Bf6 35. Ra8 b5 36. axb5 cxb5 37. Rb8 Ke6 38. Be1 Kd5 39. Ba5 Kc4 40. Rc8+ Kb3 41. Rb8 Ka4 42. Be1 b4 43. Ra8+ Kb5 44. Rb8+ Kc4 45. Rc8+ Kd5 46. Rc7 b3 47. Rb7 Rb1 48. Ke2 b2 49. Bd2 Ra1 0-1

[Event "IIFL Wealth 4th Mumbai GM"]
[Site "Mumbai"]
[Date "2019.01.04"]
[Round "6"]
[White "Snehal, Bhosale"]
[Black "Aaryan Varshney"]
[Result "0-1"]
[ECO "D35"]
[WhiteElo "2135"]
[BlackElo "2200"]
[Annotator "NA"]
[PlyCount "80"]
[EventDate "2018.12.30"]
[EventType "swiss"]
[EventCountry "IND"]
[SourceTitle "playchess.com"]
[Source "ChessBase"]
[SourceQuality "1"]
[TimeControl "40/5400+30:1800+30"]

1. d4 Nf6 2. c4 e6 3. Nc3 d5 4. cxd5 exd5 5. Bg5 Be7 6. e3 O-O 7. Bd3 c6 8. Nge2 Nbd7 9. Qc2 h6 10. Bf4 b6 11. h3 Bb7 12. O-O c5 13. Ng3 c4 14. Bf5 a6 15. a4 Re8 16. h4 Bf8 17. h5 Bc6 18. f3 b5 19. e4 Qb6 20. Nce2 dxe4 21. fxe4 Ne5 22. Bxe5 Rxe5 23. Kh2 Rxf5 24. Nxf5 Bxe4 25. Qd2 Re8 26. Neg3 Bd3 27. Rf3 Ne4 28. Qf4 Nxg3 29. Kxg3 Kh8 30. axb5 axb5 31. Kh3 b4 32. g4 Qb7 33. Ng3 f6 34. Re3 Rd8 35. Rae1 Bd6 36. Re8+ Kh7 37. Qe3 Rxe8 38. Qxe8 Qf3 39. Rg1 Bxg3 40. Rxg3 Qh1# 0-1

[Event "IIFL Wealth 4th Mumbai GM"]
[Site "Mumbai"]
[Date "2019.01.04"]
[Round "6"]
[White "Gandhi, Anish"]
[Black "Elgabry, Mohsen"]
[Result "1/2-1/2"]
[ECO "B06"]
[WhiteElo "2134"]
[BlackElo "2305"]
[Annotator "NA"]
[PlyCount "95"]
[EventDate "2018.12.30"]
[EventType "swiss"]
[EventCountry "IND"]
[SourceTitle "playchess.com"]
[Source "ChessBase"]
[SourceQuality "1"]
[TimeControl "40/5400+30:1800+30"]

1. e4 g6 2. d4 Bg7 3. Nc3 d6 4. Bg5 h6 5. Bh4 a6 6. a4 Nd7 7. Nf3 c5 8. d5 Qa5 9. Qd2 Qb4 10. Rb1 Ngf6 11. Bd3 O-O 12. O-O c4 13. Be2 Nc5 14. Rfe1 Bd7 15. e5 dxe5 16. Nxe5 Bxa4 17. Bxc4 Nfd7 18. Bg3 Nxe5 19. Bxe5 Qxc4 20. Bxg7 Kxg7 21. b3 Bxb3 22. cxb3 Nxb3 23. Qb2 Nc5 24. Rxe7 Kg8 25. d6 b5 26. Rd1 Qb3 27. Qd2 Rad8 28. Ne4 Nxe4 29. Rxe4 Rd7 30. h3 Rfd8 31. Rd4 Qa3 32. Rd3 Qc5 33. Rd5 Qb6 34. h4 Kh7 35. h5 Rg8 36. Re1 Qd8 37. Qf4 gxh5 38. Rf5 Rxd6 39. Rxf7+ Rg7 40. Rf8 Qg5 41. Qe4+ Rdg6 42. g3 h4 43. Qe8 Rg8 44. Re7+ Kh8 45. Qf7 Qc1+ 46. Kg2 Qc6+ 47. Kg1 Qc1+ 48. Kg2 1/2-1/2

[Event "IIFL Wealth 4th Mumbai GM"]
[Site "Mumbai"]
[Date "2019.01.04"]
[Round "6"]
[White "Soham Datar"]
[Black "Banerjee, Sushant"]
[Result "1-0"]
[ECO "A39"]
[WhiteElo "2134"]
[BlackElo "2198"]
[Annotator "NA"]
[PlyCount "69"]
[EventDate "2018.12.30"]
[EventType "swiss"]
[EventCountry "IND"]
[SourceTitle "playchess.com"]
[Source "ChessBase"]
[SourceQuality "1"]
[TimeControl "40/5400+30:1800+30"]

1. Nf3 Nf6 2. c4 c5 3. Nc3 Nc6 4. g3 g6 5. Bg2 Bg7 6. O-O O-O 7. d4 cxd4 8. Nxd4 Qa5 9. Nb3 Qb4 10. c5 Na5 11. e4 Nxb3 12. axb3 d6 13. cxd6 Bg4 14. f3 Be6 15. dxe7 Rfe8 16. e5 Qc5+ 17. Kh1 Qxe5 18. Bf4 Qh5 19. b4 Nd5 20. Ra5 Bxc3 21. bxc3 g5 22. Rxd5 Bxd5 23. Qxd5 Rxe7 24. Qxg5+ Qxg5 25. Bxg5 Rc7 26. Bf6 Re8 27. f4 h6 28. Rd1 a6 29. f5 Kh7 30. Bf3 b6 31. Ra1 a5 32. bxa5 Rc5 33. axb6 Rxf5 34. Bc6 Rxf6 35. Bxe8 1-0

[Event "IIFL Wealth 4th Mumbai GM"]
[Site "Mumbai"]
[Date "2019.01.04"]
[Round "6"]
[White "Vatsal Singhania"]
[Black "Srijit Paul"]
[Result "0-1"]
[ECO "A89"]
[WhiteElo "2130"]
[BlackElo "2298"]
[Annotator "NA"]
[PlyCount "66"]
[EventDate "2018.12.30"]
[EventType "swiss"]
[EventCountry "IND"]
[SourceTitle "playchess.com"]
[Source "ChessBase"]
[SourceQuality "1"]
[TimeControl "40/5400+30:1800+30"]

1. d4 f5 2. g3 Nf6 3. Bg2 g6 4. Nf3 Bg7 5. O-O O-O 6. c4 d6 7. Nc3 Nc6 8. d5 Na5 9. Nd2 c5 10. dxc6 Nxc6 11. Nb3 Be6 12. Nd5 Bf7 13. Rb1 Rc8 14. Be3 b6 15. Nd4 Nxd4 16. Bxd4 e5 17. Bc3 Rxc4 18. Qd3 Rc8 19. Bb4 a5 20. Nxf6+ Qxf6 21. Bxd6 Rfd8 22. Rbd1 Bf8 23. Bxe5 Qxe5 24. Qxd8 Rxd8 25. Rxd8 Qxb2 26. Rfd1 Qxa2 27. Rc8 Kg7 28. Rd7 Qb1+ 29. Bf1 Kg8 30. Rdd8 Qb4 31. Rxf8+ Qxf8 32. Rxf8+ Kxf8 33. e4 a4 0-1

[Event "IIFL Wealth 4th Mumbai GM"]
[Site "Mumbai"]
[Date "2019.01.04"]
[Round "6"]
[White "Pranesh M"]
[Black "Mohammad Nubairshah Shaikh"]
[Result "1/2-1/2"]
[ECO "B06"]
[WhiteElo "2125"]
[BlackElo "2437"]
[Annotator "NA"]
[PlyCount "80"]
[EventDate "2018.12.30"]
[EventType "swiss"]
[EventCountry "IND"]
[SourceTitle "playchess.com"]
[Source "ChessBase"]
[SourceQuality "1"]
[TimeControl "40/5400+30:1800+30"]

1. e4 g6 2. d4 Bg7 3. Nf3 c6 4. Bd3 d6 5. O-O Nf6 6. Qe2 Bg4 7. c3 O-O 8. Be3 e5 9. h3 Bxf3 10. Qxf3 Nbd7 11. Nd2 Qe7 12. Rad1 Rfe8 13. Nc4 d5 14. dxe5 Nxe4 15. Bxe4 dxc4 16. Bg5 Nxe5 17. Bxe7 Nxf3+ 18. Bxf3 Rxe7 19. Rfe1 Kf8 20. Re2 Rc8 21. Red2 Ke8 22. Kf1 a5 23. a4 Rec7 24. Ra1 Ra8 25. Be2 Bh6 26. Rd4 b5 27. Bf3 Rb8 28. axb5 cxb5 29. Rxa5 Bc1 30. Re4+ Re7 31. Rxe7+ Kxe7 32. Bc6 b4 33. Rb5 Rxb5 34. Bxb5 Bxb2 35. cxb4 Ba3 36. Bxc4 Bxb4 37. Ke2 f5 38. f4 Bd6 39. Kf3 Kf6 40. g4 h6 {Ke4 Ke5+} 1/2-1/2

[Event "IIFL Wealth 4th Mumbai GM"]
[Site "Mumbai"]
[Date "2019.01.04"]
[Round "6"]
[White "Mahindrakar Indrajeet"]
[Black "Sarwat, Walaa"]
[Result "1-0"]
[ECO "C85"]
[WhiteElo "2106"]
[BlackElo "2276"]
[Annotator "NA"]
[PlyCount "53"]
[EventDate "2018.12.30"]
[EventType "swiss"]
[EventCountry "IND"]
[SourceTitle "playchess.com"]
[Source "ChessBase"]
[SourceQuality "1"]
[TimeControl "40/5400+30:1800+30"]

1. e4 e5 2. Nf3 Nc6 3. Bb5 a6 4. Ba4 Nf6 5. O-O Be7 6. Bxc6 dxc6 7. Qe1 Bd6 8. d4 Nd7 9. dxe5 Nxe5 10. Nxe5 Bxe5 11. Nc3 O-O 12. Be3 Qe7 13. f3 f5 14. Rd1 Re8 15. Bd4 Bxd4+ 16. Rxd4 c5 17. Nd5 Qe5 18. Rd2 c4 19. Qg3 Qxb2 20. Nxc7 Be6 21. Nxa8 Rxa8 22. exf5 Bxf5 23. Qf4 c3 24. Re2 Rf8 25. Qc4+ Kh8 26. Qc5 Kg8 27. Qd5+ 1-0

[Event "IIFL Wealth 4th Mumbai GM"]
[Site "Mumbai"]
[Date "2019.01.04"]
[Round "6"]
[White "Kavinda, Akila"]
[Black "Ziatdinov, Raset"]
[Result "1/2-1/2"]
[ECO "A46"]
[WhiteElo "2092"]
[BlackElo "2252"]
[Annotator "NA"]
[PlyCount "102"]
[EventDate "2018.12.30"]
[EventType "swiss"]
[EventCountry "IND"]
[SourceTitle "playchess.com"]
[Source "ChessBase"]
[SourceQuality "1"]
[TimeControl "40/5400+30:1800+30"]

1. d4 Nf6 2. Nf3 e6 3. c4 c5 4. e3 d5 5. cxd5 exd5 6. Bb5+ Bd7 7. Bxd7+ Nbxd7 8. dxc5 Nxc5 9. O-O Be7 10. Nc3 O-O 11. b3 Qd7 12. Bb2 Rfd8 13. Ne2 Nfe4 14. Nf4 Bf6 15. Bxf6 Nxf6 16. Rc1 Nce4 17. Qd4 Qd6 18. Qb2 b5 19. Ne2 b4 20. Nfd4 Ng4 21. g3 Qh6 22. h4 Ne5 23. Nf4 a5 24. Kg2 Qf6 25. Nh5 Qg6 26. Nf4 Qg4 27. Nde6 Nd3 28. Nxd3 Qxe6 29. Nf4 Qf5 30. Ne2 h5 31. f3 Nf6 32. Qd2 Re8 33. Nd4 Qd7 34. Rfe1 Reb8 35. Rc2 a4 36. Rec1 axb3 37. axb3 Rb7 38. Qd3 Re8 39. Re1 Rb6 40. Rec1 Ra8 41. Qf5 g6 42. Qxd7 Nxd7 43. Rc8+ Rxc8 44. Rxc8+ Kg7 45. Rc6 Rb7 46. Rd6 Nf6 47. Kf2 Ra7 48. Rb6 Ra2+ 49. Kf1 Ra1+ 50. Kf2 Ra2+ 51. Kf1 Ra1+ 1/2-1/2

[Event "IIFL Wealth 4th Mumbai GM"]
[Site "Mumbai"]
[Date "2019.01.04"]
[Round "6"]
[White "abzid, Rahman"]
[Black "Mahalakshmi D M"]
[Result "1/2-1/2"]
[ECO "E21"]
[WhiteElo "2040"]
[BlackElo "1145"]
[Annotator "NA"]
[PlyCount "106"]
[EventDate "2018.12.30"]
[EventType "swiss"]
[EventCountry "IND"]
[SourceTitle "playchess.com"]
[Source "ChessBase"]
[SourceQuality "1"]
[TimeControl "40/5400+30:1800+30"]

1. d4 Nf6 2. Nf3 e6 3. c4 Bb4+ 4. Nc3 O-O 5. Bg5 d5 6. Qc2 Nbd7 7. c5 c6 8. Ne5 Qe8 9. Bxf6 Nxf6 10. a3 Ba5 11. b4 Bc7 12. f4 Nd7 13. e3 Nxe5 14. dxe5 f6 15. exf6 Rxf6 16. Bd3 Qh5 17. O-O Bd7 18. g3 e5 19. Rae1 Re8 20. fxe5 Bxe5 21. Ne2 Bh3 22. Rxf6 gxf6 23. Kf2 Bg4 24. h4 f5 25. Nf4 Qf7 26. Be2 Bc7 27. Bxg4 fxg4 28. Qd1 Qf5 29. Qd3 Re4 30. Qd2 a6 31. Kg1 Rc4 32. Rc1 Rxc1+ 33. Qxc1 Qe4 34. Qd2 Bxf4 35. exf4 Qf3 36. Kh2 Qe4 37. Qd1 h5 38. Qh1 Qe3 39. Qb1 Qf2+ 40. Kh1 Qf3+ 41. Kh2 Qe2+ 42. Kg1 Qe6 43. Kf2 Kg7 44. Qb2+ Kf7 45. Qh8 Qf5 46. Ke3 Qe4+ 47. Kd2 Qg2+ 48. Kc1 Qf1+ 49. Kb2 Qe2+ 50. Kb3 Qd1+ 51. Kb2 Qd2+ 52. Kb3 Qd3+ 53. Kb2 Qe2+ 1/2-1/2